 Dungeon Crawl Stone Soup version 0.26.0-57-g60708a5e39 (webtiles) character file.

Game seed: 8523786207943293121

886 ishmail the Chopper (level 8, 0/69 HPs)
             Began as a Hill Orc Fighter on Jan 21, 2021.
             Succumbed to a water moccasin's poison
             ... on level 5 of the Dungeon on Feb 1, 2021.
             The game lasted 00:15:25 (4866 turns).

ishmail the Chopper (Hill Orc Fighter)              Turns: 4866, Time: 00:15:26

Health: 0/69       AC:  7    Str: 21    XL:     8   Next: 5%
Magic:  8/8        EV:  8    Int:  8    God:
Gold:   273        SH: 10    Dex: 10    Spells: 7/7 levels left

rFire    . . .     SeeInvis .   a - +0 war axe
rCold    . . .     Faith    .   c - +0 kite shield
rNeg     . . .     Spirit   .   b - +0 scale mail
rPois    .         Reflect  .   (no helmet)
rElec    .         Harm     .   (no cloak)
rCorr    .         Rampage  .   (no gloves)
Will     .....                  (no boots)
Stlth    ..........             (no amulet)
HPRegen  0.21/turn              (no ring)
MPRegen  0.11/turn              (no ring)

@: lethally poisoned (0 -> -12)
A: no striking features
a: no special abilities


You were on level 5 of the Dungeon.
You visited 1 branch of the dungeon, and saw 5 of its levels.

You collected 273 gold pieces.

Inventory:

Hand Weapons
 a - a +0 war axe (weapon)
Armour
 b - a +0 scale mail (worn)
 c - a +0 kite shield (worn)
Jewellery
 g - an uncursed ring of protection from fire {unknown}
 r - a +6 ring of intelligence {unknown}
 s - a +4 ring of evasion {unknown}
 w - a cursed ring of teleportation {unknown}
Wands
 q - a wand of flame (17)
 t - a wand of random effects (17)
Scrolls
 e - 6 scrolls of identify {unknown}
 h - 4 scrolls of teleportation {unknown}
 j - 2 scrolls of enchant armour {unknown}
 m - 2 scrolls of fog {unknown}
 u - a scroll of noise {unknown}
 v - a scroll of remove curse {unknown}
Potions
 d - a potion of might
 f - 4 potions of attraction {unknown}
 i - 2 potions of brilliance {unknown}
 k - a potion of haste {unknown}
 l - 4 potions of curing {unknown}
 n - 2 potions of degeneration {unknown}
 o - 4 potions of heal wounds {unknown}
 p - a potion of ambrosia {unknown}


   Skills:
 + Level 5.5 Fighting
 + Level 7.5 Axes
 + Level 5.1 Armour
 + Level 1.6 Dodging
 + Level 0.2 Stealth
 + Level 5.6 Shields


You had 7 spell levels left.
You didn't know any spells.
Your spell library contained the following spells:

 Spells                   Type           Power        Failure   Level
 Beastly Appendage        Tmut           0%           98%         1
 Wereblood                Tmut           0%           99%         2
 Spider Form              Tmut/Pois      0%           100%        3
 Ice Form                 Ice/Tmut       0%           100%        4
 Blade Hands              Tmut           0%           100%        5


Dungeon Overview and Level Annotations

Branches:
Dungeon (5/15)             Temple (0/1) D:5

Altars:
Makhleb
Okawaru
Ru
Trog
Uskayaw

Shops:
D:4 *   D:5 [


Message History

* * * LOW HITPOINT WARNING * * *
You feel sick. You block the water moccasin's attack.
You slash the water moccasin!
You kill the water moccasin!
* * * LOW HITPOINT WARNING * * *
You feel sick.
Your Armour skill increases to level 5!
You have reached level 8!
There is a lethal amount of poison in your body!
There is a lethal amount of poison in your body!
There is a lethal amount of poison in your body!
You are too injured to fight recklessly!
* * * LOW HITPOINT WARNING * * *
You feel sick.
You see here a water moccasin corpse.
* * * LOW HITPOINT WARNING * * *
You feel sick.
* * * LOW HITPOINT WARNING * * *
You feel sick.
You die...

############## #
#............# #####
#............# .....
#............# ....h
####............###
.....
..................##
..###
#...............# .
#..
#......†..@.....#
#..
#...............#
... #..
#...............#
... #..
#...............#
.... ###
#............#....
..... #
#..†.........#....
.....###
####.......### ...
........ #.......#
.. ###.....
#.......# ##.....


There were no monsters in sight!

Vanquished Creatures
  A water moccasin (D:5)
  A phantom (D:5)
  2 ogres
  A howler monkey (D:4)
  A bullfrog zombie (D:5)
  An orc priest (D:3)
  An orc wizard (D:4)
  Jessica (D:3)
  A worker ant (D:4)
  7 gnolls (D:5)
  2 howler monkey skeletons (D:5)
  13 adders
  An ooze (D:4)
  An adder skeleton (D:5)
  3 worms
  2 dart slugs
  2 leopard geckos (D:1)
  9 orcs
  2 ball pythons (D:5)
  5 giant cockroaches
  7 hobgoblins
  24 jackals
  9 kobolds
  2 quokkas
  6 bats
  7 frilled lizards
  4 goblins
  8 rats
124 creatures vanquished.

Notes
Turn   | Place    | Note
-------+----------+-------------------------------------------
     0 | D:1      | ishmail the Hill Orc Fighter began the quest for the Orb.
     0 | D:1      | Reached XP level 1. HP: 19/19 MP: 1/1
     0 | D:1      | Upgraded the game from 0.26.0-16-gc1dbca0489 to
                  | 0.26.0-57-g60708a5e39
   311 | D:1      | Reached XP level 2. HP: 27/27 MP: 2/2
  1197 | D:2      | Reached XP level 3. HP: 33/33 MP: 3/3
  1226 | D:2      | Reached skill level 3 in Axes
  1484 | D:2      | Reached XP level 4. HP: 27/40 MP: 4/4
  1748 | D:2      | Found a bloodstained altar of Trog.
  1866 | D:2      | Found a burning altar of Makhleb.
  1868 | D:2      | Noticed an Executioner
  1917 | D:2      | Noticed a smoke demon
  1917 | D:2      | Noticed a hellwing
  2248 | D:2      | Reached skill level 4 in Axes
  2393 | D:3      | Reached XP level 5. HP: 47/47 MP: 5/5
  2419 | D:3      | Reached skill level 1 in Dodging
  2864 | D:3      | Found an iron altar of Okawaru.
  3124 | D:3      | Noticed Jessica
  3133 | D:3      | Killed Jessica
  3134 | D:3      | Reached XP level 6. HP: 55/55 MP: 6/6
  3217 | D:4      | Reached skill level 5 in Axes
  3367 | D:4      | Found a sacrificial altar of Ru.
  3378 | D:4      | Reached skill level 5 in Fighting
  3508 | D:4      | Found Suedules's General Store.
  3722 | D:4      | Reached XP level 7. HP: 54/61 MP: 7/7
  3837 | D:4      | Reached skill level 6 in Axes
  4038 | D:5      | Entered Level 5 of the Dungeon
  4039 | D:5      | Found Gevvam's Antique Armour Shop.
  4107 | D:5      | Reached skill level 5 in Shields
  4626 | D:5      | Noticed a +0 hand axe
  4627 | D:5      | Noticed a +0 hand axe
  4638 | D:5      | Found a staircase to the Ecumenical Temple.
  4654 | D:5      | Reached skill level 7 in Axes
  4748 | D:5      | Found a hide-covered altar of Uskayaw.
  4863 | D:5      | Reached skill level 5 in Armour
  4863 | D:5      | Reached XP level 8. HP: 5/69 MP: 8/8
  4864 | D:5      | HP: 2/69 [poisoned by a water moccasin]
  4866 | D:5      | Succumbed to a water moccasin's poison

Illustrated notes

Levels and vault maps discovered:
D:1:      minmay_arrival_stone_box, layout_basic, minivault_4,
          kennysheep_nondescript, minivault_11, hangedman_feature_mirror
D:2:      layout_loops_ring, lemuel_round_altar, makhleb_altar_promises_db
D:3:      layout_rooms, okawaru_gym_becter, uniq_jessica
D:4:      layout_basic, serial_shops, nicolae_shop_crystal,
          nicolae_ru_great_annihilating_truth
D:5:      kennysheep_six_static_rooms, layout_basic, zin_treasury,
          dancing_weapons_uskayaw, minmay_temple_entry_mist, serial_shops,
          nicolae_shop_waterfront

Skill      XL: |  1  2  3  4  5  6  7 |
---------------+----------------------+-----
Fighting       | 4 5 |  5.5
Axes           | 3 4 5 7 |  7.5
Shields        | 4 5 |  5.6
Dodging        | 1 |  1.6
Armour         | 4 5 |  5.1
Stealth        | |  0.2

Action                   |  1- 3 |  4- 6 |  7- 9 || total
-------------------------+-------+-------+-------++-------
Melee: War axe           |   108 |   211 |   118 ||   437
 Stab: Invisible         |       |     1 |       ||     1
Armor: Scale mail        |    65 |    89 |    32 ||   186
Dodge: Dodged            |    34 |    75 |    36 ||   145
Block: Kite shield       |    67 |   117 |    73 ||   257
